cohdb
Replays
Latest Replays
All Replays
Popular Replays
Top Player Replays
Match Explorer
How It Works
Community
CoH3 Stats
Reddit
Sign in to upload your games and track your stats! →
Sign in with Steam
Match 44260377
Unlisted
Match 44260377
Overview
Messages
Build Orders
End
Engineer Squad
Construct Barracks
Selects Advanced Infantry Battlegroup
1⁄4-ton 4x4 Truck
Riflemen Squad
M1 Mortar Team
Grenade Package
Infantry Support Center
Selects Convert to Ranger Squad
Riflemen Squad
Construct Medical Station
Convert to Ranger Squad
Selects Ammunition Storage
Engineer Squad
Advanced Logistics
Selects Designate Assault Position
Mortar Pit
M1918 Browning Automatic Rifles
Survival Training
Construct Motor Pool
bigcheese
FocusFuelOrFaceMyWrath
winter
ComradeIgor
HipHopper_2006
fhqls12345
belisarius
Chunow
0
0
Comments
sign in to comment!
No comments posted yet!